 Dungeon Crawl Stone Soup version 0.31-a0-210-gccc998df9b (webtiles) character file.

Game seed: 2070481446395299306

23 123456 the Trooper (level 2, -3/27 HPs)
             Began as a Minotaur Fighter on June 30, 2023.
             Slain by Natasha (6 damage)
             ... on level 2 of the Dungeon.
             The game lasted 00:00:45 (854 turns).

123456 the Trooper (Minotaur Fighter)                Turns: 854, Time: 00:00:46

Health: -3/27      AC:  7    Str: 20    XL:     2   Next: 75%
Magic:  1/1        EV:  9    Int:  5    God:
Gold:   41         SH:  9    Dex:  9    Spells: 1/1 levels left

rFire   . . .        a - +0 flail
rCold   . . .        c - +0 buckler
rNeg    . . .        b - +0 scale mail
rPois   .            (helmet restricted)
rElec   .            (no cloak)
rCorr   .            (no gloves)
SInv    .            (no boots)
Will    .....        e - amulet of reflection Stlth
                     (no ring)
HPRegen 0.24/turn    (no ring)
MPRegen 0.07/turn

%: reflection
@: no status effects
A: horns 2, retaliatory headbutt
a: no special abilities


You were on level 2 of the Dungeon.
You visited 1 branch of the dungeon, and saw 2 of its levels.

You collected 41 gold pieces.

Inventory:

Hand Weapons
 a - a +0 flail (weapon)
Armour
 b - a +0 scale mail (worn)
 c - a +0 buckler (worn)
Jewellery
 e - an amulet of reflection (around neck)
Scrolls
 g - a scroll of identify {unknown}
 h - a scroll of fear {unknown}
 i - a scroll of poison {unknown}
 k - a scroll of noise {unknown}
 l - a scroll of silence {unknown}
Potions
 d - a potion of might
 f - 2 potions of lignification {unknown}
 j - a potion of ambrosia {unknown}


   Skills:
 * Level 4.1 Fighting
 * Level 3.0 Maces & Flails
 + Level 3.9 Armour
 + Level 0.9 Dodging
 - Level 3.6 Shields


You had one spell level left.
You didn't know any spells.
Your spell library was empty.

Dungeon Overview and Level Annotations

Branches:
Dungeon (2/15)

Altars:

Shops:
D:2 *

Annotations:
D:2 Jessica, Natasha


Innate Abilities, Weirdness & Mutations

You have a pair of horns on your head.
You reflexively headbutt those who attack you in melee.


Message History

There are monsters nearby!
A gnoll comes into view. It is wielding a +0 club.
Found a stone staircase leading up.
The gnoll shouts! x2; You hear an angry hiss.
Natasha, Servant of Life and Death comes into view.
A gnoll, an adder and a rat come into view.
The gnoll shouts!
The adder hisses angrily.
You hear a shout!
A gnoll comes into view. It is wielding a +0 vampiric halberd.
Jessica the Apprentice Sorceress comes into view.
She is wielding a +0 dagger, wearing a +0 robe of fire resistance and carrying a wand of polymorph (9).
The gnoll moves out of view.
The gnoll shouts!
Natasha stares at you and mumbles some strange words.
The magic dart hits you.
You barely miss Natasha. Natasha casts a spell at you. The magic dart hits you.
You thump Natasha! Your headbutt misses Natasha.
Natasha is heavily wounded.
Natasha drinks a potion.
Natasha is healed!
Jessica gestures wildly while chanting.
Jessica blinks!
The kobold hits you with a +0 short sword.
The adder bites you. You block Natasha's attack.
You hit Natasha. You headbutt Natasha.
Natasha is heavily wounded.
The adder bites you. The gnoll hits you with a +0 club.
Jessica mumbles some strange words.
Jessica blinks!
You block the kobold's attack.
Natasha stares at you and mumbles some strange words.
The magic dart hits you.
* * * LOW HITPOINT WARNING * * *
You block the adder's attack.
The kobold hits you with a +0 short sword.
* * * LOW HITPOINT WARNING * * *
The gnoll hits you with a +0 club.
* * * LOW HITPOINT WARNING * * *
You closely miss Natasha. Your headbutt misses Natasha.
Natasha is heavily wounded.
Natasha claws you.
You die...

### ###.. ..< ###
...####h#####.# ..#
......S@ggg...#
..##############K##g....
..............?..r......
...###########.#.##.##..
...# #.#.# # ##.# #.#.#
#.# #.#.# #.#### #.#.#
#....# #.#.#


You could see Natasha, 4 gnolls, an adder, a kobold and a rat.

Vanquished Creatures
  3 ball pythons (D:1)
  3 endoplasms
  A giant cockroach (D:1)
  3 goblins (D:1)
  A hobgoblin (D:1)
  7 jackals
18 creatures vanquished.

Notes
Turn   | Place    | Note
-------+----------+-------------------------------------------
     0 | D:1      | 123456 the Minotaur Fighter began the quest for the Orb.
     0 | D:1      | Reached XP level 1. HP: 19/19 MP: 0/0
   312 | D:1      | Reached XP level 2. HP: 27/27 MP: 1/1
   538 | D:1      | Reached skill level 4 in Fighting
   801 | D:2      | Found Kuamafoq's General Store.
   848 | D:2      | Noticed Natasha
   849 | D:2      | Noticed Jessica
   854 | D:2      | Slain by Natasha

Illustrated notes

Levels and vault maps discovered:
D:1:      minmay_arrival_three_doors, layout_loops_ring, dk_noncrumbling_2,
          hangedman_decor_slide_cut
D:2:      layout_basic, serial_shops, shop, basic_altar, uniq_natasha,
          uniq_jessica

Skill      XL: |  1  2 |
---------------+-------+-----
Fighting       | 4 |  4.1
Maces & Flails | 3 |  3.0
Armour         | |  3.9
Dodging        | |  0.9
Shields        | |  3.6

Action                     || total
---------------------------++-------
  Melee: Flail             ||    36
         Headbutt          ||     5
 Armour: Scale mail        ||    11
  Dodge: Dodged            ||    13
  Block: Buckler           ||    10

Table legend: (Time is in decaauts)
 A = Elapsed time spent in this place.
 B = Non-inter-level travel time spent in this place.
 C = Inter-level travel time spent in this place.
 D = Time resting spent in this place.
 E = Time spent auto-exploring this place.
 F = Levels seen in this place.
 G = Mean time per level.
                   A        B        C        D        E       F      G
               +--------+--------+--------+--------+--------+-----+--------+
         Total |    864 |    853 |     11 |      0 |    745 |   2 |  432.0 |
       Dungeon |    864 |    853 |     11 |      0 |    745 |   2 |  432.0 |
               +--------+--------+--------+--------+--------+-----+--------+

Top non-repeatable levels by time:
     D:1: 735 daAuts
     D:2: 128 daAuts
